 Dungeon Crawl Stone Soup version 0.31-a0-889-g1a8549509d (webtiles) character file.

Game seed: 18328434839271898110

981 Ekaitz the Firebug (level 7, -1/51 HPs)
             Began as a Demonspawn Fire Elementalist on Oct 16, 2023.
             Was an Initiate of Sif Muna.
             Killed themself with a badly aimed concussive blast (8 damage)
             ... on level 6 of the Dungeon.
             The game lasted 00:09:45 (5240 turns).

Ekaitz the Firebug (Demonspawn Fire Elementalist)   Turns: 5240, Time: 00:09:45

Health: -1/51      AC:  3    Str:  8    XL:     7   Next: 96%
Magic:  7/12       EV: 12    Int: 21    God:    Sif Muna [......]
Gold:   335        SH:  4    Dex: 13    Spells: 3/12 levels left

rFire   . . .        l - +5 scimitar "Starlight" {venom, rElec Int+2}
rCold   . . .        (no shield)
rNeg    . . .        a - +0 robe
rPois   .            (no helmet)
rElec   +            (no cloak)
rCorr   .            (no gloves)
SInv    +            G - +0 pair of boots
Will    .....        (no amulet)
Stlth   ++           w - ring of see invisible
HPRegen 0.28/turn    (no ring)
MPRegen 0.13/turn

%: no passive effects
@: no status effects
A: large bone plates 1, powered by death 1, demonic magic 1, demonic touch 2
a: Renounce Religion


You were on level 6 of the Dungeon.
You worshipped Sif Muna.
Sif Muna was noncommittal.
You visited 2 branches of the dungeon, and saw 7 of its levels.

You collected 335 gold pieces.

Inventory:

Hand Weapons
 l - the +5 scimitar "Starlight" (weapon) {venom, rElec Int+2}
   (You found it on level 2 of the Dungeon)

   Int+2:     It affects your intelligence (+2).
   rElec:     It insulates you from electricity.
 B - a +0 dagger of protection
 C - a +2 dagger of speed
 D - a +0 glaive
Missiles
 u - 5 poisoned darts
 J - a throwing net
Armour
 a - a +0 robe (worn)
 o - a +0 buckler
 A - an orb of energy
 G - a +0 pair of boots (worn)
Magical Staves
 q - a staff of fire
Jewellery
 w - a ring of see invisible (left hand)
Wands
 r - a wand of digging (7)
 s - a wand of flame (14)
 M - a wand of mindburst (17)
Scrolls
 e - 8 scrolls of teleportation {unknown}
 g - 2 scrolls of enchant weapon {unknown}
 i - a scroll of revelation {unknown}
 j - 2 scrolls of enchant armour {unknown}
 k - a scroll of torment {unknown}
 p - 5 scrolls of identify {unknown}
 v - a scroll of blinking {unknown}
 x - 2 scrolls of amnesia {unknown}
 y - 4 scrolls of brand weapon {unknown}
 F - a scroll of vulnerability {unknown}
 H - 2 scrolls of noise {unknown}
Potions
 b - 2 potions of magic
 c - 2 potions of mutation {unknown}
 d - 3 potions of lignification {unknown}
 f - a potion of cancellation {unknown}
 h - a potion of ambrosia {unknown}
 m - a potion of berserk rage {unknown}
 n - a potion of brilliance {unknown}
 t - a potion of haste {unknown}
 z - 2 potions of degeneration {unknown}
 E - a potion of resistance {unknown}
 I - a potion of might {unknown}
 K - a potion of heal wounds {unknown}
 L - a potion of curing {unknown}


   Skills:
 * Level 2.4 Fighting
 + Level 1.6 Long Blades
 + Level 2.2 Dodging
 + Level 2.8 Stealth
 + Level 0.1 Shields
 + Level 3.4 Spellcasting
 * Level 3.3 Conjurations
 * Level 2.3 Hexes
 * Level 2.7 Translocations
 * Level 4.9 Fire Magic
 * Level 1.5 Invocations


You had 3 spell levels left.
You knew the following spells:

 Your Spells              Type           Power      Damage    Failure   Level
a - Foxfire               Conj/Fire      84%        2x1d8     2%          1
b - Scorch                Fire           48%        2d7       2%          2
c - Volatile Blastmotes   Fire/Tloc      38%        2d13      8%          3
i - Inner Flame           Hex/Fire       18%        N/A       9%          3

Your spell library contained the following spells:

 Spells                   Type           Power      Damage    Failure   Level
 Kiss of Death            Conj/Necr      40%        2d8       6%          1
 Lesser Beckoning         Tloc           30%        N/A       6%          2
 Freeze                   Ice            12%        1d3       13%         1
 Summon Small Mammal      Summ           12%        N/A       13%         1
 Sigil of Binding         Hex            13%        N/A       14%         3
 Tukima's Dance           Hex            13%        N/A       14%         3
 Hailstorm                Conj/Ice       10%        3d5       19%         3
 Summon Guardian Golem    Hex/Summ       8%         N/A       24%         3
 Call Canine Familiar     Summ           3%         N/A       36%         3
 Frozen Ramparts          Ice            6%         1d1       36%         3
 Flame Wave               Conj/Fire      21%        2d8       22%         4
 Iskenderun's Mystic Bla  Conj/Tloc      16%        2d5       34%         4
 Dimensional Bullseye     Hex/Tloc       7%         N/A       41%         4
 Leda's Liquefaction      Hex/Erth       4%         N/A       61%         4
 Dispel Undead            Necr           3%         3d7       77%         4
 Borgnjor's Revivificati  Necr           1%         N/A       100%        8


Dungeon Overview and Level Annotations

Branches:
Dungeon (6/15)             Temple (1/1) D:5

Altars:
Ashenzari
Cheibriados
Dithmenos
Fedhas
Kikubaaqudgha
Makhleb
Nemelex Xobeh
Okawaru
Ru
Sif Muna
Trog
Vehumet
Xom
Yredelemnul

Shops:
D:4 (


Innate Abilities, Weirdness & Mutations

You are partially covered in large bone plates. (SH +4)
You regenerate a little health from kills.
Spells you cast may paralyse adjacent enemies.
Your touch may inflict irresistible damage on your foes.


Message History

You closely miss the iguana. The iguana closely misses you.
You slash the iguana!
The iguana is poisoned.
You touch the iguana!
You kill the iguana!
Sif Muna accepts your kill.
You see here an iguana corpse.
y - 4 scrolls labelled GUMIWUHIEL (gained 1)
e - 8 scrolls labelled RYAKESMEAN (gained 1)
Casting: Volatile Blastmotes (dangerous; 8% risk of failure)
Confirm with . or Enter, or press ? or * to list all spells.
You conjure some foxfire!
Malevolent energies surge around you.
Casting: Foxfire (safe; 2% risk of failure)
Confirm with . or Enter, or press ? or * to list all spells.
Flames lash the sleepcap.
The sleepcap is lightly damaged.
The sleepcap's fire resistance burns away.
Malevolent energies surge around you.
The foxfire hits the sleepcap!
The sleepcap is burned terribly!
The sleepcap is heavily damaged.
The foxfire hits the sleepcap!
The sleepcap is burned terribly!
You destroy the sleepcap!
Sif Muna accepts your kill.
HP restored.
A two-headed ogre is nearby!
Casting: Scorch (safe; 2% risk of failure)
Confirm with . or Enter, or press ? or * to list all spells.
A cloud of volatile blastmotes flares up around you!
Malevolent energies surge around you.
The two-headed ogre shouts in stereo!
The two-headed ogre misses you.
The two-headed ogre hits you with a +0 dire flail!!
Found 13 gold pieces.
The two-headed ogre attacks as it pursues you!
The two-headed ogre hits you with a +0 giant club!!
Ouch! That really hurt!
* * * LOW HITPOINT WARNING * * *
The cloud of blastmotes explodes!
The concussive blast engulfs the two-headed ogre!!
The two-headed ogre is heavily wounded.
The concussive blast engulfs you!
You die...

######.†####....##.#.###.
........# #........O....
######..# #.##.##.#.####
#..# ##.#....##.# #..#
#.....###.#
#..####.#........###
#.............###O#.
####.#####.###.#.# ##.#
#....O@.## #.###. #.#
#.#####.# #.# #.##.O # .#
..# #.... .# .# #.###. .#
#. #.. .# #. #.. $. #.
#.. .. # ##. ##


You could see a two-headed ogre.

Vanquished Creatures
  Eustachio (D:5)
  An ice beast (D:5)
  A bullfrog (D:6)
  3 scorpions
  A hound (D:5)
  2 sleepcaps (D:6)
  An orc priest (D:5)
  6 iguanas
  8 gnolls
  5 adders
  4 ufetubi
  2 worms
  8 dart slugs
  6 orcs (D:5)
  10 ball pythons
  4 endoplasms
  5 giant cockroaches
  5 goblins
  7 hobgoblins
  8 jackals
  8 kobolds
  4 quokkas
  3 bats (D:1)
  4 frilled lizards
  7 rats
114 creatures vanquished.

Vanquished Creatures (others)
  299 foxfires
299 creatures vanquished.

Grand Total: 413 creatures vanquished

Notes
Turn   | Place    | Note
-------+----------+-------------------------------------------
     0 | D:1      | Ekaitz the Demonspawn Fire Elementalist began the quest for
                  | the Orb.
     0 | D:1      | Reached XP level 1. HP: 13/13 MP: 3/3
   231 | D:1      | Gained mutation: Your touch may inflict minor irresistible
                  | damage on your foes. [demonic ancestry]
   231 | D:1      | Reached XP level 2. HP: 19/19 MP: 0/5
   234 | D:1      | Learned a level 2 spell: Scorch
   406 | D:1      | Reached skill level 3 in Fire Magic
  1189 | D:2      | Gained mutation: You regenerate a little health from kills.
                  | [demonic ancestry]
  1189 | D:2      | Reached XP level 3. HP: 25/25 MP: 1/6
  1193 | D:2      | Learned a level 3 spell: Volatile Blastmotes
  1199 | D:2      | Identified the +5 scimitar "Starlight" {venom, rElec Int+2}
  2159 | D:3      | Gained mutation: Your touch may inflict irresistible damage
                  | on your foes. [demonic ancestry]
  2159 | D:3      | Reached XP level 4. HP: 31/31 MP: 2/7
  2290 | D:3      | Reached skill level 1 in Fighting
  2377 | D:3      | Found a blossoming altar of Fedhas.
  2769 | D:3      | Reached skill level 1 in Translocations
  2819 | D:3      | Found a sparkling altar of Nemelex Xobeh.
  2870 | D:4      | Identified the of Xushrush
  2874 | D:4      | Gained mutation: You are partially covered in large bone
                  | plates. (SH +4) [demonic ancestry]
  2874 | D:4      | Reached XP level 5. HP: 37/37 MP: 4/8
  2884 | D:4      | Learned a level 3 spell: Inner Flame
  3134 | D:4      | Found a broken altar of Ashenzari.
  3160 | D:4      | Reached skill level 1 in Long Blades
  3499 | D:4      | Found Coacs's Antique Weapon Shoppe.
  3751 | D:5      | Entered Level 5 of the Dungeon
  3883 | D:5      | Reached XP level 6. HP: 43/43 MP: 0/10
  3903 | D:5      | Noticed an ice beast
  3913 | D:5      | Killed an ice beast
  3914 | D:5      | Reached skill level 1 in Hexes
  3914 | D:5      | Reached skill level 4 in Fire Magic
  4278 | D:5      | Noticed Eustachio
  4283 | D:5      | Killed Eustachio
  4284 | D:5      | Gained mutation: Spells you cast may paralyse adjacent
                  | enemies. [demonic ancestry]
  4284 | D:5      | Reached XP level 7. HP: 50/50 MP: 1/11
  4387 | D:5      | Found a staircase to the Ecumenical Temple.
  4396 | Temple   | Found a transporter.
  4396 | Temple   | Found a transporter.
  4396 | Temple   | Found a transporter.
  4396 | Temple   | Found a transporter.
  4396 | Temple   | Entered the Ecumenical Temple
  4411 | Temple   | Became a worshipper of Sif Muna the Loreminder
  4802 | D:6      | Reached skill level 1 in Invocations
  4924 | D:6      | Noticed a two-headed ogre
  5240 | D:6      | Killed themself with a badly aimed concussive blast

Illustrated notes

Levels and vault maps discovered:
D:1:      dpeg_arrival_solitude, layout_basic, minmay_misc_feat_pillars
D:2:      layout_rooms
D:3:      layout_basic, mainiacjoe_overflow_alcove_1, fedhas_altar_fruit_tree
D:4:      layout_loops_cross, mainiacjoe_overflow_small_starburst, serial_shops,
          shop, nrook_mini_vaults, chequers_serial_rivers_micro_d
D:5:      kennysheep_slugbush, layout_cave_pools, minmay_temple_entry_arrows,
          uniq_eustachio
D:6:      layout_loops_ring, grunt_gozag_statues,
          chequers_temple_overflow_statue_of_worship, dk_vineyard_3
Temple:   hellmonk_temple_divided_pantheon

Skill      XL: |  1  2  3  4  5  6  7 |
---------------+----------------------+-----
Dodging        | 2 |  2.2
Fire Magic     | 3 4 |  4.9
Stealth        | 2 |  2.8
Fighting       | 1 2 |  2.4
Translocations | 1 2 |  2.7
Long Blades    | 1 |  1.6
Conjurations   | 2 3 |  3.3
Hexes          | 1 2 |  2.3
Spellcasting   | 3 |  3.4
Invocations    | 1 |  1.5
Shields        | |  0.1

Action                     |  1- 3 |  4- 6 |  7- 9 || total
---------------------------+-------+-------+-------++-------
  Melee: Scimitar          |    17 |    47 |    24 ||    88
         Touch             |     1 |     5 |     4 ||    10
         Punch             |       |       |     1 ||     1
   Cast: Foxfire           |    88 |    64 |    19 ||   171
         Scorch            |       |     7 |     5 ||    12
         Volatile Blastmot |       |     1 |     3 ||     4
         Inner Flame       |       |     1 |     2 ||     3
   Stab: Sleeping          |       |     6 |     1 ||     7
         Paralysed         |       |       |     1 ||     1
 Armour: Robe              |    24 |    23 |    20 ||    67
  Dodge: Dodged            |    26 |    33 |    20 ||    79
  Block: Other             |       |     3 |     5 ||     8

Table legend: (Time is in decaauts)
 A = Elapsed time spent in this place.
 B = Non-inter-level travel time spent in this place.
 C = Inter-level travel time spent in this place.
 D = Time resting spent in this place.
 E = Time spent auto-exploring this place.
 F = Levels seen in this place.
 G = Mean time per level.
                   A        B        C        D        E       F      G
               +--------+--------+--------+--------+--------+-----+--------+
         Total |   5278 |   4996 |    282 |    239 |   3897 |   7 |  754.0 |
       Dungeon |   5240 |   4969 |    271 |    239 |   3897 |   6 |  873.3 |
        Temple |     38 |     28 |     10 |      0 |      0 |   1 |   38.0 |
               +--------+--------+--------+--------+--------+-----+--------+

Top non-repeatable levels by time:
     D:5: 1055 daAuts
     D:3: 1044 daAuts
     D:1: 980 daAuts
     D:4: 887 daAuts
     D:2: 856 daAuts
     D:6: 417 daAuts
  Temple: 38 daAuts
